 Dungeon Sprint DCSS version 0.31.0-32-g396128a36d (webtiles) character file.

Game seed: 937724041776227766

148 Heoruswealwe the Spear-Bearer (level 5, 0/52 HPs)
             Began as a Minotaur Fighter on Mar 9, 2024.
             Was an Initiate of Gozag.
             Slain by a wraith (6 damage)
             ... in the Dungeon (Sprint IX: "|||||||||||||||||||||||||||||").
             The game lasted 00:00:52 (103 turns).

Heoruswealwe the Spear-Bearer (Minotaur Fighter)     Turns: 103, Time: 00:00:54

Health: 0/52       AC:  7    Str: 22    XL:     5   Next: 8%
Magic:  4/4        EV:  9    Int:  5    God:    Gozag
Gold:   0          SH:  4    Dex: 10    Spells: 4/4 levels left

rFire   . . .        a - +0 trident
rCold   . . .        d - +0 buckler
rNeg    . . .        c - +0 scale mail
rPois   .            (helmet restricted)
rElec   .            (no cloak)
rCorr   .            (no gloves)
SInv    .            (no boots)
Will    .....        (no amulet) Stlth
                     (no ring)
HPRegen 0.28/turn    (no ring)
MPRegen 0.09/turn

%: no teleportation
@: slowed, very slow
A: horns 2, retaliatory headbutt
a: Renounce Religion, Potion Petition, Call Merchant, Bribe Branch


You were in the Dungeon.
You worshipped Gozag.
Gozag was noncommittal.
You visited 1 branch

Inventory:

Hand Weapons
 a - a +0 trident (weapon)
Armour
 c - a +0 scale mail (worn)
 d - a +0 buckler (worn)
Jewellery
 k - a +3 ring of dexterity
 l - a +3 ring of dexterity
Wands
 h - a wand of roots (10)
Scrolls
 j - 2 scrolls of blinking
Potions
 b - a potion of might
 e - 5 potions of curing
 f - 3 potions of heal wounds
 g - a potion of haste
 i - a potion of berserk rage


   Skills:
 + Level 7.1 Fighting
 * Level 9.0 Polearms
 + Level 7.1 Armour
 - Level 3.6 Shields


You had 4 spell levels left.
You didn't know any spells.
Your spell library was empty.

Dungeon Overview and Level Annotations

Branches:
Dungeon (1/1)

Altars:
Cheibriados
Dithmenos
Elyvilon
Fedhas
Gozag
Hepliaklqana
Kikubaaqudgha
Makhleb
Nemelex Xobeh
Okawaru
Qazlal
Ru
Sif Muna
Trog
Uskayaw
Vehumet
Wu Jian
Xom
Yredelemnul
Zin
The Shining One
Jiyva
Lugonu


Innate Abilities, Weirdness & Mutations

You have a pair of horns on your head.
You reflexively headbutt those who attack you in melee.


Message History

A steam dragon, a troll, a howler monkey, a two-headed ogre and 2 wraiths come into view.
The steam dragon hisses angrily.
The troll shouts!
The howler monkey howls!
The two-headed ogre shouts in stereo!
You puncture the wraith! Your headbutt misses the wraith.
The wraith is moderately damaged.
The wraith hits you.
You closely miss the wraith.
The wraith is moderately damaged.
You block the wraith's attack.
You barely miss the wraith.
The wraith is moderately damaged.
The wraith hits you!
You hit the wraith but do no damage.
You headbutt the wraith, but do no damage.
The wraith is moderately damaged.
The wraith hits you. The wraith drains your vigour!
You feel yourself slow down.
You hit the wraith but do no damage.
The wraith is moderately damaged.
The wraith hits you.
* * * LOW HITPOINT WARNING * * *
The wraith drains your vigour!
You feel as though you will be slow longer.
You closely miss the wraith.
The wraith is moderately damaged.
The wraith hits you.
* * * LOW HITPOINT WARNING * * *
You barely miss the wraith.
You headbutt the wraith, but do no damage.
The wraith is moderately damaged.
The wraith hits you.
* * * LOW HITPOINT WARNING * * *
You hit the wraith.
The wraith is moderately damaged.
The wraith hits you.
* * * LOW HITPOINT WARNING * * *
The howler monkey hoots and howls with incredible vigour!
The wraith hits you.
You die...
Your body crumbles into a pile of gold. ▓▓▓▓▓▓▓▓▓▓▓▓▓▓▓▓▓▓▓▓▓▓▓▓ .DWThOW@.[[[.)?!'_______ ▓▓▓▓▓▓▓▓▓▓▓▓▓▓▓▓▓▓▓▓▓▓▓▓

You could see a two-headed ogre, a troll, a wraith, a steam dragon, a shadow and a howler monkey (catching breath).

Vanquished Creatures
  An ice beast (D)
  A bombardier beetle (D)
  A gnoll (D)
  An adder (D)
  A dart slug (D)
  2 ball pythons (D)
  3 rats (D)
10 creatures vanquished.

Notes
Turn   | Place    | Note
-------+----------+-------------------------------------------
     0 | D        | Heoruswealwe the Minotaur Fighter began the quest for the
                  | Orb.
     0 | D        | Reached XP level 1. HP: 19/19 MP: 0/0
     9 | D        | Reached skill level 3 in Polearms
    18 | D        | Noticed an ice beast
    18 | D        | Noticed a bombardier beetle
    24 | D        | Reached skill level 4 in Polearms
    24 | D        | Reached XP level 2. HP: 28/28 MP: 1/1
    29 | D        | Reached skill level 5 in Polearms
    32 | D        | Reached skill level 5 in Fighting
    32 | D        | Reached skill level 5 in Armour
    35 | D        | Killed a bombardier beetle
    36 | D        | Reached skill level 6 in Polearms
    36 | D        | Reached XP level 3. HP: 22/37 MP: 2/2
    45 | D        | Killed an ice beast
    46 | D        | Reached skill level 9 in Polearms
    46 | D        | Reached XP level 4. HP: 18/47 MP: 3/3
    46 | D        | Reached XP level 5. HP: 20/52 MP: 4/4
    51 | D        | Found a snail-covered altar of Cheibriados.
    51 | D        | Found a shadowy altar of Dithmenos.
    51 | D        | Found a white marble altar of Elyvilon.
    51 | D        | Found a blossoming altar of Fedhas.
    51 | D        | Found an opulent altar of Gozag.
    52 | D        | Found a hazy altar of Hepliaklqana.
    53 | D        | Found a viscous altar of Jiyva.
    54 | D        | Found an ancient bone altar of Kikubaaqudgha.
    55 | D        | Found a corrupted altar of Lugonu.
    56 | D        | Found a burning altar of Makhleb.
    57 | D        | Found a sparkling altar of Nemelex Xobeh.
    58 | D        | Found an iron altar of Okawaru.
    59 | D        | Became a worshipper of Gozag Ym Sagoz the Greedy
    60 | D        | Found a stormy altar of Qazlal.
    61 | D        | Found a sacrificial altar of Ru.
    62 | D        | Found a shimmering blue altar of Sif Muna.
    63 | D        | Found a bloodstained altar of Trog.
    64 | D        | Found a hide-covered altar of Uskayaw.
    65 | D        | Found a radiant altar of Vehumet.
    66 | D        | Found an ornate altar of the Wu Jian Council.
    67 | D        | Found a shimmering altar of Xom.
    68 | D        | Found a basalt altar of Yredelemnul.
    69 | D        | Found a glowing silver altar of Zin.
    70 | D        | Found a glowing golden altar of the Shining One.
    95 | D        | Noticed a steam dragon
    95 | D        | Noticed a shadow
    95 | D        | Noticed a troll
    95 | D        | Noticed a two-headed ogre
    95 | D        | Noticed a wraith
   103 | D        | Slain by a wraith

Illustrated notes

Levels and vault maps discovered:
D:        linesprint [early_d, line_temple, items_1, d_10, items_2, lair_1,
          lair_end, items_3, orc_1, orc_end, items_4, d_15, swamp_1, shoals_1,
          snake_1, spider_1, d_20, vaults_1, items_5, swamp_end, shoals_end,
          snake_end, spider_end, vaults_end, d_27, items_6, zot_1, zot_end,
          crypt_end, forest_end, elf_end, slime_end, tomb_end, abyss_end,
          pan_hell_end]

Skill      XL: |  1  2  3 |
---------------+----------+-----
Polearms       | 4 6 9 |  9.0
Fighting       | 4 5 7 |  7.1
Armour         | 4 5 7 |  7.1
Shields        | |  3.6

Action                     |  1- 3 |  4- 6 || total
---------------------------+-------+-------++-------
  Melee: Trident           |    34 |     8 ||    42
         Headbutt          |     6 |     2 ||     8
 Armour: Scale mail        |    16 |     8 ||    24
  Dodge: Dodged            |    10 |       ||    10
  Block: Buckler           |     4 |     1 ||     5
